 Dungeon Crawl Stone Soup version 0.20.0-10-g0535bb4 (webtiles) character file.

92 Manul the Skirmisher (level 4, -9/32 HPs)
             Began as an Octopode Abyssal Knight on June 4, 2017.
             Was a Believer of Lugonu.
             Mangled by loom's ghost (19 damage)
             ... on level 3 of the Dungeon.
             The game lasted 00:02:26 (2403 turns).

Manul the Skirmisher (Octopode Abyssal Knight)      Turns: 2403, Time: 00:02:27

Health: -9/32      AC:  2    Str: 11    XL:     4   Next: 60%
Magic:  5/5        EV: 14    Int: 19    God:    Lugonu [**....]
Gold:   203        SH:  0    Dex: 12    Spells: 3/3 levels left

rFire    + . .     SeeInvis .   a - +1 spear
rCold    x . .     Gourm    +   (no shield)
rNeg     . . .     Faith    .   j - +1 hat
rPois    .         Spirit   .   h - amulet of the gourmand
rElec    .         Reflect  .   k - ring of fire
rCorr    .         Harm     .   (no ring)
MR       .....                  (no ring)
Stlth    +++.......             (no ring)
Regen    0.1/turn               (no ring)
MPRegen  0.1/turn               (no ring)
                                (no ring)
                                (no ring)

@: brilliant
A: almost no armour, stealthy swim, amphibious, 8 rings, constrict 8, camouflage
1, gelatinous body 1
a: Depart the Abyss, Bend Space, Renounce Religion


You were on level 3 of the Dungeon.
You worshipped Lugonu.
Lugonu was pleased with you.
You were full.

You visited 1 branch of the dungeon, and saw 3 of its levels.
You visited the Abyss 1 time.

You collected 203 gold pieces.

Inventory:

Hand Weapons
 a - a +1 spear (weapon)
Armour
 j - a +1 hat (worn)
Jewellery
 h - an amulet of the gourmand (around mantle)
 k - a ring of fire (left tentacle)
Wands
 c - a wand of lightning (12/15)
Scrolls
 i - a scroll of fog {unknown}
Potions
 d - a potion of degeneration {unknown}
Comestibles
 b - 2 bread rations


   Skills:
 + Level 3.6 Fighting
 + Level 3.0 Polearms
 + Level 2.8 Dodging
 + Level 3.0 Stealth
 + Level 2.0 Invocations


You had 3 spell levels left.
You didn't know any spells.

Dungeon Overview and Level Annotations

Branches:
Dungeon (3/15)

Altars:
Fedhas

Annotations:
D:3 loom's ghost, amateur MiBe


Innate Abilities, Weirdness & Mutations

You cannot wear most types of armour.
You are very stealthy in the water. (Stealth+)
You are amphibious.
You can wear up to eight rings at the same time.
You can use your tentacles to constrict eight enemies at once.
Your skin changes colour to match your surroundings (Stealth+).
Your rubbery body absorbs attacks. (AC +1, EV +1)


Message History

HP restored.
You start waiting.
Loom's ghost is nearby!
Attack whom?
Press: ? - help, Dir - move target cursor, f - loom's ghost
Aim: loom's ghost (hasn't noticed you)
You reach to attack!
Loom's ghost turns its malevolent gaze towards you.
You hit loom's ghost.
Loom's ghost is lightly damaged.
Loom's ghost screams in joy, "As in life, so in death: Kill!
Kill!!
Kill!!!"
You hit loom's ghost but do no damage.
Loom's ghost is lightly damaged.
Loom's ghost hits you!!
Ouch! That really hurt!
It was a potion of brilliance.
You feel clever all of a sudden. Loom's ghost hits you!!
Ouch! That really hurt!
You die...

#...... #.# #.# ####..
..# ...#.##..# #########
.#......## #.......##
....<....## ........#
.#........# #)#.#.#.#
..........# ##W......#
###....##.#####.@#.#.#.#
#....................#
#..[.##.###.##.#.#.#.#
#....##.# #.##.......#
#..)....###.###.######
##...........##.#
#.#.#........#.#
#......#####.#.#
#.#.#..# #.#.####


You could see loom's ghost.

Vanquished Creatures
  2 gnolls
  2 adders
  An ooze (D:2)
  2 worms (D:2)
  A dart slug (D:1)
  2 leopard geckos
  An orc (D:3)
  2 giant cockroaches
  5 goblins (D:1)
  3 hobgoblins
  4 jackals (D:1)
  5 bats
  5 frilled lizards
  4 kobolds
  5 rats
44 creatures vanquished.

Vanquished Creatures (others)
  4 toadstools (D:1)
4 creatures vanquished.

Grand Total: 48 creatures vanquished

Notes
Turn   | Place    | Note
-------+----------+-------------------------------------------
     0 | Abyss:1  | Manul the Octopode Abyssal Knight began the quest for the Orb.
     0 | Abyss:1  | Reached XP level 1. HP: 16/16 MP: 2/2
    32 | Abyss:1  | Noticed a small abomination
   157 | Abyss:4  | Noticed a thrashing horror
   166 | Abyss:4  | Noticed a starcursed mass
   179 | D:1      | Escaped the Abyss
   556 | D:1      | Reached XP level 2. HP: 7/21 MP: 3/3
   988 | D:1      | Reached skill level 1 in Stealth
  1112 | D:1      | Reached XP level 3. HP: 15/26 MP: 4/4
  1664 | D:2      | Reached ** piety under Lugonu
  1757 | D:2      | Reached XP level 4. HP: 17/31 MP: 5/5
  1808 | D:2      | Found a blossoming altar of Fedhas.
  1936 | D:3      | Noticed loom's ghost (amateur MiBe)
  2403 | D:3      | Mangled by loom's ghost

Skill      XL: |  1  2  3  4 |
---------------+-------------+-----
Stealth        | 1 2 3 |  3.0
Polearms       | 3 |  3.0
Fighting       | |  3.6
Dodging        | |  2.8
Invocations    | |  2.0

Action                   |  1- 3 |  4- 6 || total
-------------------------+-------+-------++-------
Melee: Spear             |    85 |    26 ||   111
       Constrict         |    11 |     4 ||    15
       Tentacles         |     5 |     3 ||     8
  Use: Scroll            |       |     4 ||     4
       Potion            |       |     1 ||     1
 Stab: Sleeping          |     9 |     3 ||    12
  Eat: Chunk             |     3 |    14 ||    17
Armor: Skin              |     6 |       ||     6
Dodge: Dodged            |    52 |    13 ||    65
